[Event "Charlotte Summer IM D 2022"]
[Site "Charlotte"]
[Date "2022.07.26"]
[Round "4.3"]
[White "Wen, Teddie"]
[Black "Levine, Joseph"]
[Result "1/2-1/2"]
[ECO "D24"]
[WhiteElo "2234"]
[BlackElo "2294"]
[Annotator "TA"]
[PlyCount "52"]
[EventDate "2022.07.24"]
[EventType "tourn"]
[EventCountry "USA"]
[SourceTitle "playchess.com"]
[Source "ChessBase"]
[SourceQuality "1"]
[TimeControl "5400+30"]

1. d4 d5 2. c4 e6 3. Nf3 Nf6 4. Nc3 dxc4 5. e4 b5 6. Bg5 {[%emt 0:03:55] D24: Queen's Gambit Accepted: 3 Nf3 Nf6 4 Nc3.} ({White should play} 6. e5 $14 Nd5 7. Nxb5) 6... a6 $11 7. e5 h6 8. Bh4 {[%emt 0:01:11][%mdl 64] Pin} g5 9. Nxg5 hxg5 10. Bxg5 {[%emt 0:00:04][%mdl 64] Pin} Nbd7 {[%emt 1:33:41] next ...Bh6 is good for Black.} 11. exf6 Bb7 {[%emt 0:00:00] Prevents Qf3.} 12. Be2 Bxg2 13. Rg1 Rxh2 (13... Bb7 $11) 14. Bf3 $16 Bxf3 15. Qxf3 {[%emt 0:00:03] Strongly threatening 0-0-0.} Nb6 {[%emt 0:00:00] [#]} 16. O-O-O $1 {[%emt 0:01:43] [#]} Nd5 $146 (16... Qd7 $16) ({Predecessor:} 16... Qd7 17. d5 O-O-O 18. Be3 Nxd5 19. Nxd5 exd5 20. Rg5 c6 21. Bf4 Rh3 22. Bg3 Bd6 {1-0 (36) Baskin,R (2390)-Smirnov,P (2544) Chess.com INT 2021}) 17. Rge1 $18 {[%emt 0:02:23] And now Nxd5 would win.} c6 {[%emt 0:00:00] [#]} 18. Rxe6+ $3 fxe6 19. f7+ {[%emt 0:00:03][%mdl 64] Discovered Attack} Kd7 20. Bxd8 Rxd8 21. Nxd5 cxd5 22. Rg1 Rh4 23. Rg8 (23. Re1 $18) 23... b4 (23... Rc8 $16 {was necessary.} 24. Qf6 Rh5) 24. Qf6 Rh1+ {[%emt 0:00:00] [#]} 25. Kd2 {[%emt 0:00:00] Dancing on a razor blade.} (25. Kc2 $1 $18 {is more deadly. Black must now prevent Qe5.} Rc8 26. Qe5) 25... Rc8 $16 26. Kc2 (26. Rg3 $1 $14) 26... Rh5 $2 {[%emt 0:00:00] Weighted Error Value: White=0.24 (precise) /Black=0.38} (26... a5 $11 {and Black is okay.}) 1/2-1/2

[Event "Charlotte Summer IM D 2022"]
[Site "Charlotte"]
[Date "2022.07.26"]
[Round "4.4"]
[White "Chasin, Nico"]
[Black "Bisiriyu-Salam, Oluwaseun"]
[Result "1-0"]
[ECO "A52"]
[WhiteElo "2285"]
[BlackElo "1992"]
[Annotator "TA"]
[PlyCount "69"]
[EventDate "2022.07.24"]
[EventType "tourn"]
[EventCountry "USA"]
[SourceTitle "playchess.com"]
[Source "ChessBase"]
[SourceQuality "1"]
[TimeControl "5400+30"]

1. d4 Nf6 2. c4 e5 3. dxe5 Ng4 4. Nf3 Bc5 5. e3 Nc6 6. Be2 O-O 7. O-O Re8 8. Nc3 Ngxe5 9. b3 a5 10. Bb2 Nxf3+ 11. Bxf3 Ne5 12. Be2 Ra6 13. Ne4 Bf8 (13... Ba7 $14) 14. f4 $16 {[%emt 0:04:45] A52: Budapest Gambit.} Ng4 15. Bxg4 Rxe4 {[%emt 0:00:43] [#]} 16. Qd3 (16. Be5 $1 $16) 16... Re8 $14 17. Rf3 {[%emt 0:03:53] [#]} (17. Bf5 $5 ) 17... Rd6 $146 {[%emt 0:09:04] [#]} (17... Rh6 $11 {remains equal.}) ({Predecessor:} 17... Rh6 18. Rg3 Qh4 19. Bh3 Rg6 20. Rxg6 hxg6 21. Qc3 g5 22. Qd4 c5 23. Qd1 gxf4 24. exf4 Qxf4 {0-1 (39) Tourneur,J (2210)-Plesec,D (2375) Paris 1993}) 18. Qe2 ({White should try} 18. Qc3 $1 $16) 18... b6 $11 19. Rh3 Bb7 20. Be5 $40 {[%emt 0:18:07][%mdl 128] Black needs to defend precisely.} Rg6 21. Rd1 d6 22. Bc3 f5 23. Bxf5 (23. Bf3 {feels hotter.} Bxf3 24. Qxf3 Qc8 25. Qd5+) 23... Rxg2+ 24. Qxg2 Bxg2 25. Bxh7+ Kf7 26. Kxg2 g6 $2 (26... a4 $11 {and Black has nothing to worry.}) 27. Rg3 $18 Re6 28. f5 Qa8+ (28... gxf5 {was necessary.} 29. Bxf5 Qh4) 29. Rd5 $2 {[%emt 0:00:36] Really sharp!} (29. Kg1 $18 {is more deadly.} gxf5 30. Bxf5) 29... gxf5 $16 30. Bxf5 (30. a4 $16) 30... Rh6 (30... a4 $1 $11 {keeps the balance.}) 31. Be4 {[%emt 0:00:07] And now Rf5+ would win. 0x0.0016871cb32edp-1022s more active pieces. A strong pair of Bishops.} Qd8 $2 (31... Qe8 $16 {is more resistant.} 32. Rf5+ Ke7) 32. Rf5+ $18 Ke6 33. Rxf8 $2 Rxh2+ $2 (33... Qxf8 34. Bg7 Rxh2+ 35. Kxh2 Qf2+ 36. Kh3 Qxa2) 34. Kxh2 Qh4+ 35. Rh3 {[%emt 0:00:53] Weighted Error Value: White=0.65/Black=0.93} 1-0

[Event "Charlotte Summer IM D 2022"]
[Site "Charlotte"]
[Date "2022.07.27"]
[Round "5.1"]
[White "Canty, James"]
[Black "Bacus, Dharim"]
[Result "1-0"]
[ECO "D00"]
[WhiteElo "2175"]
[BlackElo "2227"]
[Annotator "TA"]
[PlyCount "55"]
[EventDate "2022.07.24"]
[EventType "tourn"]
[EventCountry "USA"]
[SourceTitle "playchess.com"]
[Source "ChessBase"]
[SourceQuality "1"]
[TimeControl "5400+30"]

1. d4 d5 2. Nc3 Nf6 3. Bf4 e6 4. e3 a6 5. g4 Bd6 6. Qf3 {[%emt 0:00:11] D00: 1 d4 d5: Unusual lines.} Bxf4 7. exf4 {[%emt 1:30:49] [#]} g6 $146 (7... Nc6 $5 ) ({Predecessor:} 7... Qd6 8. h4 c5 9. dxc5 Qxc5 10. O-O-O Nc6 11. g5 Nd7 12. f5 Nde5 13. Qf4 Bd7 {0-1 (50) Saveliev,A (2352)-Buksa,N (2410) Chess.com INT 2020}) 8. O-O-O {[%emt 0:00:00] White is slightly better.} h5 $1 9. g5 Ng8 10. h4 Ne7 11. Nge2 c5 (11... Qd6 $11 {remains equal.}) 12. dxc5 $16 Qa5 13. Bh3 Qxc5 {[%emt 0:00:00] [#]} 14. f5 $1 gxf5 15. Nf4 d4 {[%emt 0:00:00] [#]} 16. Nxh5 $1 Nbc6 (16... dxc3 {is a self mate.} 17. Nf6+ Kf8 18. Rd8+ Kg7 19. Rxh8 cxb2+ 20. Kb1 Bd7 21. Qh5) 17. Nf6+ Kf8 18. Ne2 {[%emt 0:00:00] 0x0.001e3abc6f1edp-1022s more active pieces. The black rooks are badly placed.} (18. Na4 $16 Qa5 19. Qa3) 18... Rxh4 $2 (18... e5 $1 $11) 19. Bf1 (19. Bg2 $142 Rxh1 20. Bxh1 (20. Rxh1 Ng6 $14)) 19... Rxh1 (19... Nb4 $2 20. c3 Ng6 21. Nxd4 Rxh1 22. Qxh1 $18) (19... Ne5 20. Qg2 N7g6) 20. Qxh1 $18 Ng6 21. Qh7 Ke7 22. Qg8 e5 $2 (22... Nf8) 23. Qe8+ Kd6 24. Qxf7 (24. Nc3 $142 Qa5 25. Qxf7) 24... Nce7 25. Qe8 {[%emt 0:00:00] Really sharp!} Qc6 $2 (25... Kc7 26. f4 Kb6 27. Qd8+ Ka7) 26. Qd8+ Ke6 27. f4 {[%emt 0:00:00] Hoping for fxe5.} Qd6 {[%emt 0:00:00] [#]} 28. Nxd4+ $1 {[%emt 0:00:00][%mdl 512] Weighted Error Value: White=0.49/Black=1.08} 1-0

[Event "Charlotte Summer IM D 2022"]
[Site "Charlotte"]
[Date "2022.07.27"]
[Round "5.2"]
[White "Bisiriyu-Salam, Oluwaseun"]
[Black "Martin Del Campo Cardenas, Roberto Abel"]
[Result "1/2-1/2"]
[ECO "B50"]
[WhiteElo "1992"]
[BlackElo "2245"]
[Annotator "TA"]
[PlyCount "28"]
[EventDate "2022.07.24"]
[EventType "tourn"]
[EventCountry "USA"]
[SourceTitle "playchess.com"]
[Source "ChessBase"]
[SourceQuality "1"]
[TimeControl "5400+30"]

1. e4 c5 2. Nf3 d6 3. c4 e5 4. Be2 g6 5. O-O Bg7 6. Nc3 Ne7 7. d3 {[%emt 0:00:27] The position is equal.} Nbc6 {[%emt 0:00:15] B50: Sicilian: 2...d6, Miscellaneous.} 8. a3 O-O 9. Rb1 Nd4 10. b4 b6 {[%emt 0:02:31] [#]} 11. bxc5 $146 ({Predecessor:} 11. h3 Bb7 12. bxc5 Nxf3+ 13. Bxf3 dxc5 14. Bb2 Nc6 15. Nd5 Rb8 16. Bc3 Re8 17. g3 {0-1 (37) De Visser,A (1968)-Radu,V (2243) ICCF email 2017}) 11... bxc5 12. Bg5 f6 13. Be3 Qa5 14. Bd2 Ndc6 {[%emt 0:00:30] A balanced but interesting game.  Weighted Error Value: White=0.01 (flawless) /Black=0.04 (flawless)} 1/2-1/2

[Event "Charlotte Summer IM D 2022"]
[Site "Charlotte"]
[Date "2022.07.27"]
[Round "5.3"]
[White "Levine, Joseph"]
[Black "Chasin, Nico"]
[Result "0-1"]
[ECO "A04"]
[WhiteElo "2294"]
[BlackElo "2285"]
[Annotator "TA"]
[PlyCount "82"]
[EventDate "2022.07.24"]
[EventType "tourn"]
[EventCountry "USA"]
[SourceTitle "playchess.com"]
[Source "ChessBase"]
[SourceQuality "1"]
[TimeControl "5400+30"]

1. e4 c5 2. Nf3 e6 3. d3 Nc6 4. g3 g6 5. Bg2 Bg7 6. O-O Nge7 7. Re1 e5 8. Be3 d6 9. c3 O-O {[%emt 0:00:49] A04: Unusual lines after 1 Nf3 and King's Indian Attack.} 10. h3 f5 {[%emt 0:04:17][%cal Bf7f5,Bf5f4][%mdl 32] [#]} 11. b4 $146 ({Predecessor:} 11. exf5 Nxf5 12. Bg5 Bf6 13. Bxf6 Qxf6 14. Nbd2 Kh8 15. Qe2 Bd7 16. a4 Rae8 17. Ne4 {0-1 (49) Loy,K (2268)-Kobalia,M (2614) Chess.com INT 2020}) 11... f4 {[%emt 0:05:48] Black has an edge.} 12. Bd2 h6 13. b5 Nb8 14. Qb3+ Kh7 15. d4 (15. gxf4 $11 a6 16. Na3) 15... fxg3 $15 (15... cxd4 16. gxf4 Nd7 17. fxe5 Nxe5 18. Nxd4) 16. fxg3 exd4 17. cxd4 cxd4 {[%emt 0:00:29] aiming for ...Nd7.} (17... Rxf3 18. Qxf3 Bxd4+ 19. Kh1 $14) 18. e5 dxe5 19. Nxe5 Nf5 {[%emt 0:06:35][%cal Od4d3] Hoping for ...d3!} 20. Bb4 Rf6 (20... Re8 $11 21. Qf7 Re6) 21. Ng4 $14 Rb6 ({Black should play} 21... Nd7 $14) 22. Qf7 $16 Qd7 (22... d3 $16) 23. Be7 $18 Ne3 $2 {[%emt 0:00:47] [#]} (23... h5 24. Bc6 Qc7 25. Nf6+ Kh6 26. Ng4+ (26. Ng8+ Kh7 $16) 26... Kh7 27. Nf6+ Kh6 28. Ng4+ (28. Ng8+ Kh7 $16) 28... Kh7) 24. Rxe3 (24. Bc6 $142 $1 {[%mdl 512] White wants to mate with Nf6+.} Qxe7 25. Qxe7 Nxg4 26. hxg4 Nxc6 27. bxc6 bxc6 28. Nd2 Bxg4 29. Qf7) 24... dxe3 {[%emt 0:00:33] [#]} 25. Bd5 $1 ({Avoid the trap} 25. Nc3 $2 Qf5 26. Rf1 Qxf7 27. Rxf7 Be6 28. Rxg7+ Kxg7 $19) 25... Qxd5 26. Qxd5 {[%emt 0:00:07] Strongly threatening Qf7.} Be6 {[%emt 0:01:14] [#] Prevents Qf7.} 27. Qd8 Bxg4 {[%emt 0:20:57] [#]} (27... Nc6 28. Qxa8) 28. hxg4 $1 Bxa1 {[%emt 0:02:00] [#]} 29. Qc7 $2 (29. Bc5 $1 $18) 29... Na6 $11 30. bxa6 {[%emt 0:01:14] Threatening mate with Bf6+.} Rxb1+ 31. Kg2 {[%emt 0:01:23] Intending Bf6+ and mate.} Bg7 {[%emt 0:00:27] ...e2 is the strong threat.} (31... Rb2+ $2 32. Kh3 Rc2 33. Qxc2 $18) 32. Bf6 Rg8 33. axb7 {[%emt 0:00:41] And now Bxg7 would win.} e2 34. Bc3 Rc1 35. b8=Q Rxc3 {[%emt 0:00:21] Dancing on a razor blade.} 36. Kf2 $2 Rxb8 $19 37. Qxb8 {[%emt 0:00:00] [#]} Re3 $3 38. Kxe3 (38. Qb1 e1=Q+) 38... e1=Q+ 39. Kd3 Qc3+ {[%emt 0:00:01] Black is clearly winning.} 40. Ke4 Qc4+ 41. Kf3 Qxa2 {[%emt 0:00:02] Never resign too early!  Weighted Error Value: White=0.68/Black=0.32} 0-1

[Event "Charlotte Summer IM D 2022"]
[Site "Charlotte"]
[Date "2022.07.27"]
[Round "5.4"]
[White "Vigorito, David"]
[Black "Wen, Teddie"]
[Result "1-0"]
[ECO "E69"]
[WhiteElo "2295"]
[BlackElo "2234"]
[Annotator "TA"]
[PlyCount "97"]
[EventDate "2022.07.24"]
[EventType "tourn"]
[EventCountry "USA"]
[SourceTitle "playchess.com"]
[Source "ChessBase"]
[SourceQuality "1"]
[TimeControl "5400+30"]

1. d4 Nf6 2. c4 g6 3. g3 Bg7 4. Bg2 O-O 5. Nc3 d6 6. Nf3 Nbd7 7. O-O c6 8. e4 e5 9. h3 Qb6 10. d5 Nc5 11. Re1 {[%emt 0:00:40] has lost popularity (11.Qe2).} Bd7 {[%emt 0:02:27] E69: King's Indian: Fianchetto: 6...Nbd7 7 0-0 e5 8 e4 c6 9 h3.} 12. Bf1 Rfc8 13. Rb1 a5 {[%emt 0:04:45] The position is equal.} 14. Be3 {[%emt 0:11:52][%cal Of3e5] aiming for Nxe5!} cxd5 15. cxd5 Qd8 16. Nd2 {[%emt 0:03:29] [#]} Rab8 $146 ({Predecessor:} 16... b5 17. Nxb5 Ncxe4 18. Nxe4 Nxe4 19. Na7 Rc7 20. Nc6 Rxc6 21. dxc6 Bxc6 22. Bg2 Qe8 {1-0 (31) Gustafsson,J (2621)-Bisby,D (2288) Pattaya 2013}) 17. a4 {[%emt 0:01:07] Inhibits b5.} Qe8 18. Ra1 Qf8 19. Bxc5 Rxc5 20. Nb3 {[%emt 0:00:30] Black is on the road to losing.} Rc7 21. Nxa5 h5 22. h4 {[%emt 0:04:47] White is more active.} Bh6 23. Nc4 Ng4 24. f3 Rxc4 25. Bxc4 $18 Ne3 26. Qd3 Qc8 27. b3 ({Don't do} 27. Rxe3 $6 Bxe3+ 28. Qxe3 Qxc4 $16) 27... Qc5 28. Kh1 f5 (28... Rc8 $142 29. Ra2 Kf8) 29. exf5 Bxf5 30. Ne4 Bxe4 31. Qxe4 ({Worse is} 31. fxe4 Rf8 32. Rxe3 Bxe3 $11) 31... Nf5 {[%emt 0:00:00] [#]} 32. Kg2 Kh7 33. Ra2 Rf8 34. Rc2 (34. Bd3 $142) 34... Rf7 $2 (34... Ne3+ 35. Rxe3 Qxe3 36. Qxe3 Bxe3) 35. Bd3 Qb6 36. b4 Rg7 (36... Qd8 {might work better.} 37. Rf2 Rf6) 37. a5 Qa7 38. Kh3 Nd4 {[%emt 0:00:00] [#]} 39. Rc7 Nf5 40. Rxg7+ Kxg7 41. Kg2 {[%emt 0:00:00] Inhibits Qf2+.} Be3 42. Re2 {[%emt 0:00:00] Prevents Bf2.} Bh6 43. Kh2 {[%emt 0:00:00] Qc4 is the strong threat.} Qa8 44. Qc4 Qd8 45. Rc2 Qf6 46. Bxf5 {[%emt 0:00:00][%cal Oc4c8] White wants to mate with Qc8!} gxf5 47. Qc7+ Kg6 48. Qd7 {[%emt 0:00:00] White threatens Rc7 and mate.} e4 49. Qe8+ {[%emt 0:00:00] Weighted Error Value: White=0.11 (very precise) /Black=0.43} (49. Rc7 $142 Bg7 50. fxe4 fxe4 51. Qe8+ Kh6 52. Qxe4) 1-0

[Event "Charlotte Summer IM D 2022"]
[Site "Charlotte"]
[Date "2022.07.27"]
[Round "5.5"]
[White "Oberoi, Shelev"]
[Black "Leyva Rivera, Yunier"]
[Result "1-0"]
[ECO "B22"]
[WhiteElo "2259"]
[BlackElo "2379"]
[Annotator "TA"]
[PlyCount "75"]
[EventDate "2022.07.24"]
[EventType "tourn"]
[EventCountry "USA"]
[SourceTitle "playchess.com"]
[Source "ChessBase"]
[SourceQuality "1"]
[TimeControl "5400+30"]

1. e4 c5 2. c3 d5 3. exd5 Qxd5 4. Nf3 Nf6 5. d4 e6 6. Na3 Be7 7. Nb5 Na6 8. Be2 {[%emt 0:03:30] 8.Be3 is vanishing.} O-O 9. O-O cxd4 10. c4 {[%emt 0:03:49] B22: Sicilian: 2 c3.} Qc5 11. a3 {[%emt 0:04:48] [#]} Bd7 $146 (11... e5 $2 12. b4 Qb6 13. Nxe5 $18) ({Predecessor:} 11... Rd8 12. b4 Qb6 13. Bb2 Qc6 14. Nfxd4 Qe8 15. Qc2 e5 16. Nb3 e4 17. Rad1 Bf5 18. Rxd8 Qxd8 {1-0 (35) Madeira,W (2189)-Trevisan,R Florianopolis 2017}) 12. b4 {[%emt 0:03:34][%cal Bb2b4,Bb4b5][%mdl 32] White is slightly better.} ({Reject} 12. Qxd4 Bxb5 13. cxb5 Qxd4 14. Nxd4 Nc5 $15) 12... Qc8 13. Nbxd4 Nc7 ({Better is} 13... Rd8 $14) 14. Bb2 a5 15. b5 Ne4 16. Qc2 Nc5 17. Ne5 Ne8 18. f4 {[%emt 0:05:20] White is much more active. The black rooks are badly placed.} (18. Nb3 $16) 18... Qc7 $14 19. Rad1 Rd8 20. Kh1 Nd6 21. Bf3 Bc8 22. Rde1 Rfe8 23. Bh5 Rf8 $1 24. Rf3 Nf5 {[%emt 0:13:59] Prevents Rg3.} 25. Rh3 $36 {[%emt 0:02:53][%cal Og2g4][%mdl 2048] g4! is the strong threat. White has some pressure.} h6 (25... f6 $5 26. Nef3 Nh6 $11) 26. Ndf3 {[%emt 0:05:17] And now g4 would win.} Nd7 $2 {[%emt 0:14:07][%mdl 8192] This move loses the game for Black.} (26... f6 $1 $14 27. g4 (27. Ng6 Nd3 $17) 27... fxe5 28. Bxe5 Bd6 29. gxf5 Bxe5 30. Nxe5 Rxf5) 27. g4 $18 Nd6 (27... Nxe5 $142 28. fxe5 Nh4 29. Nxh4 b6) 28. g5 Nxe5 29. Nxe5 Nf5 30. gxh6 Nxh6 {[%emt 0:00:00] [#]} 31. Bxf7+ $1 Rxf7 32. Nxf7 Kxf7 {[%emt 0:00:00] [#]} 33. Rxh6 $1 {[%emt 0:00:16][%mdl 512] White mates.} Bf8 (33... gxh6 34. Qh7+) 34. Qg6+ Kg8 35. Qh7+ Kf7 36. Rf6+ Ke7 {[%emt 0:00:32] [#]} 37. Qf5 $1 gxf6 38. Qh7+ {[%emt 0:02:25][%mdl 64] Skewer.  Weighted Error Value: White=0.08 (flawless) /Black=0.49} 1-0

[Event "Charlotte Summer IM D 2022"]
[Site "Charlotte"]
[Date "2022.07.27"]
[Round "6.1"]
[White "Bacus, Dharim"]
[Black "Leyva Rivera, Yunier"]
[Result "0-1"]
[ECO "B85"]
[WhiteElo "2227"]
[BlackElo "2379"]
[Annotator "TA"]
[PlyCount "76"]
[EventDate "2022.07.24"]
[EventType "tourn"]
[EventCountry "USA"]
[SourceTitle "playchess.com"]
[Source "ChessBase"]
[SourceQuality "1"]
[TimeControl "5400+30"]

1. e4 c5 2. Nf3 d6 3. d4 cxd4 4. Nxd4 Nf6 5. Nc3 Nc6 6. Be2 e6 7. Be3 Be7 8. O-O O-O 9. f4 a6 10. a4 Qc7 11. Nb3 b6 12. Bf3 Bb7 13. Qe1 Rfe8 14. Kh1 Bf8 15. Qf2 Nd7 16. Rad1 Rab8 17. h3 {[#] B85: Sicilian Scheveningen: 6 Be2 a6, lines with early Be3.} Ba8 $146 ({Predecessor:} 17... Nb4 18. Rd2 Rbd8 19. Rfd1 Nc5 20. Nd4 d5 21. e5 Ne4 22. Bxe4 dxe4 23. Nb3 Rxd2 24. Rxd2 Qc4 25. Bxb6 Nxc2 {1-0 (43) Striebich,R (2230)-Kercher,P (2085) Boeblingen 1998}) 18. Rd2 (18. f5 $14 {was preferrable.}) 18... Nc5 19. Nd4 {The position is equal.} Nxd4 20. Bxd4 Rbd8 ({Better is} 20... b5 $11) 21. f5 $14 e5 22. Be3 Bc6 23. b3 Qb7 24. Nd5 b5 25. axb5 axb5 26. Bg5 (26. g4 $16) 26... Bxd5 27. Bxd8 (27. Rxd5 $14 Ra8 28. b4) 27... Nxe4 $15 28. Bxe4 Bxe4 29. Qb6 Qd7 30. Bc7 d5 31. c4 bxc4 32. bxc4 d4 33. Qb5 $2 {[%emt 0:00:30][%mdl 8192] [#]} (33. c5 $15) 33... Bc6 $2 {[%emt 0:00:49] This bishop pair is nice.} (33... Qxc7 $1 $19 {and Black stays clearly on top.} 34. Rb2 (34. Qxe8 $2 {perishes.} Bc6 $19) (34. c5 Bc6) 34... Bc6) 34. Qa5 {[%emt 0:00:45] [#]} f6 {[%emt 0:00:52] Strongly threatening ...Ra8.} 35. Rb2 $2 {[%emt 0:04:22] White does not recover from this.} (35. c5 $17) 35... e4 36. Rb8 $2 (36. Bb6 e3 37. Re2) 36... e3 $19 37. Rxe8 Qxe8 38. Bb6 Qe4 {[%emt 0:01:30] Weighted Error Value: White=1.13/Black=0.61} (38... e2 $142 39. Qe1 exf1=Q+ 40. Qxf1 Qe3 41. Bxd4 Qxd4 42. Qe1 Bd6 43. Qe6+ Kf8 44. Qe1 Qf4 45. Kg1 Bc5+ 46. Kh1 Qg5 47. Qe2 Qg3 48. Qe8+ Kxe8 49. h4 Bxg2#) 0-1

[Event "Charlotte Summer IM D 2022"]
[Site "Charlotte"]
[Date "2022.07.27"]
[Round "6.2"]
[White "Wen, Teddie"]
[Black "Oberoi, Shelev"]
[Result "1/2-1/2"]
[ECO "D27"]
[WhiteElo "2234"]
[BlackElo "2259"]
[Annotator "TA"]
[PlyCount "118"]
[EventDate "2022.07.24"]
[EventType "tourn"]
[EventCountry "USA"]
[SourceTitle "playchess.com"]
[Source "ChessBase"]
[SourceQuality "1"]
[TimeControl "5400+30"]

1. d4 d5 2. c4 dxc4 3. Nf3 Nf6 4. e3 e6 5. Bxc4 a6 6. O-O c5 7. b3 Nbd7 8. Bb2 Be7 {[%emt 0:00:00] The main line 8...Be7 scores better than 8...b5.} 9. dxc5 {[%emt 0:00:03] D27: Queen's Gambit Accepted: Classical main line: 7 e4!? and 7 a4.} Bxc5 10. Qe2 O-O 11. Bd3 {[%emt 1:27:33] [#] The position is equal.} Qe7 $146 ({Predecessor:} 11... b6 12. Rd1 Qe7 13. Nbd2 Bb7 14. a3 a5 15. Nc4 Rfd8 16. Rac1 Rac8 17. Nd4 Nf8 {½-½ (30) Alfaro de Hombre,J (2331)-Hetzer,V (2282) ICCF email 2018}) 12. Ne5 Rd8 13. Nd2 Nxe5 14. Bxe5 Nd5 15. Rac1 f6 16. Bb2 Bd7 17. Ne4 Bb6 18. Rfd1 Bc6 19. a3 f5 20. Nd2 f4 21. Nc4 (21. Qh5 Nf6 22. Bxf6 gxf6 $11) 21... Bc7 $1 22. e4 $36 {[%emt 0:00:00][%mdl 2048] White has some pressure.} f3 $1 23. Qxf3 Rf8 $1 24. Qg4 Rf4 (24... Nf4 $14) 25. Qe2 $18 Rh4 26. exd5 Bxh2+ 27. Kf1 Bxd5 28. Ne3 Bf4 29. Ke1 $1 Bxb3 {[%emt 0:00:34] [#]} 30. Qf3 (30. Bc2 $1 $18 Rh1+ 31. Kd2 (31. Nf1 Bxc1 32. Rxc1 Bd5 $11) 31... Rd8+ 32. Kc3) 30... Rf8 (30... Bd5 $5 31. Qe2 Bb3 $14) 31. g3 Bc7 $2 32. Qg2 Rh5 33. Rd2 ({White has to play} 33. Bc2 $18 Bxc2 34. Rxc2) 33... Ba5 $11 34. Bc3 Rc8 $1 35. Bc4 $2 Rxc4 $19 36. Nxc4 Bxc4 {[%emt 0:00:11] A strong pair of Bishops.} 37. Qe4 {[%emt 0:04:06] And now Bxa5 would win.} Bd5 (37... Qxa3 $19 38. Bxa5 Qxc1+ 39. Rd1 Bd5 40. Rxc1 Bxe4 41. Rc8+ Kf7 42. Rc7+ Kg8 43. Rc8+ Kf7 44. Rc7+ Kg8 45. Rc8+) 38. Rxd5 $17 Bxc3+ 39. Rxc3 Rxd5 {[%emt 0:00:11][%mdl 4096] Endgame KQR-KQR} 40. Rc8+ Kf7 41. Qxh7 Qd7 42. Qc2 Rd1+ 43. Qxd1 Qxc8 $15 {[%emt 0:00:00] KQ-KQ} 44. Qf3+ Ke7 45. Qe3 Qd7 46. Kf1 Qd5 47. Qc3 Qc5 $2 48. Qf3 $2 (48. Qxc5+ {mates} Kd7 49. Qd4+ Kc6 50. Qxg7 b5 51. g4 Kd5 52. g5 a5 53. g6) 48... Qd5 49. Qc3 Kd6 ({Better is} 49... Qh1+ $15 50. Ke2 Qe4+ 51. Kf1 g6) 50. Qb4+ (50. Qxg7 $11 Qh1+ 51. Ke2) 50... Kd7 $17 {[%emt 0:01:00] White must now prevent ...Qb5+.} 51. Qa4+ {[%emt 0:00:00][%mdl 8192] [#]} (51. Kg1 $17) 51... Kc7 $2 (51... Qb5+ $1 $19 52. Qxb5+ axb5) 52. Qc2+ Kb8 53. Qc3 Ka8 (53... g5 $17) 54. Qc8+ (54. Qxg7 $11 {remains equal.} Qh1+ 55. Ke2) 54... Ka7 55. Qc3 {[%emt 0:00:00] Against Qd3+} e5 56. Kg1 Qd1+ 57. Kg2 Qd4 {[%emt 0:00:28] Inhibits Qc5+.} 58. Qxd4+ (58. Qc2 $17) 58... exd4 $19 59. f3 Kb6 {[%emt 0:01:01][%mdl 32768] A wild game.  Weighted Error Value: White=0.72/Black=0.42. An unexpected result.} (59... a5 $142 60. Kf1 b5 61. Ke2 Kb6 62. f4 a4 63. Kd3 Kc5 64. g4 b4 65. axb4+ Kxb4 66. g5 a3 67. Kxd4 a2 68. Ke5 a1=Q+ 69. Ke6 Qd4 70. f5 Qe4+ 71. Kf7 Qxf5+ 72. Kxg7 Qxg5+ 73. Kh8 Kc5 74. Kh7 Kd6 75. Kh8 Ke5 76. Kh7 Kf6 77. Kh8 Qg7#) 1/2-1/2

[Event "Charlotte Summer IM D 2022"]
[Site "Charlotte"]
[Date "2022.07.27"]
[Round "6.3"]
[White "Chasin, Nico"]
[Black "Vigorito, David"]
[Result "1/2-1/2"]
[ECO "E74"]
[WhiteElo "2285"]
[BlackElo "2295"]
[Annotator "TA"]
[PlyCount "55"]
[EventDate "2022.07.24"]
[EventType "tourn"]
[EventCountry "USA"]
[SourceTitle "playchess.com"]
[Source "ChessBase"]
[SourceQuality "1"]
[TimeControl "5400+30"]

1. d4 Nf6 2. c4 g6 3. Nc3 Bg7 4. e4 d6 5. Be2 O-O 6. Be3 c5 7. d5 a6 8. a4 Qa5 9. Bd2 e6 10. Nf3 exd5 11. cxd5 {[%emt 0:00:09] is the legacy move (11.exd5).} Bg4 12. O-O {[%emt 0:00:52] E74: King's Indian: Averbakh Variation: 6...c5.} Qc7 13. Bf4 Bxf3 14. Bxf3 Nbd7 15. Rc1 Rfe8 16. Re1 {[%emt 0:03:27][%cal Oa4a5] [#]} Rab8 $146 ({Predecessor:} 16... Ne5 17. Be2 Qb6 18. Qc2 Rac8 19. h3 Qb4 20. Bf1 Nh5 21. Na2 Qa5 {0-1 (54) Brown,A (1914)-Toth,A (2403) Canberra 2007}) 17. b4 (17. b3 $14) 17... b5 (17... Ne5 {keeps more tension.} 18. bxc5 Qxc5 19. Nb5 Qb6) 18. bxc5 Nxc5 19. axb5 (19. e5 {with more complications.} dxe5 20. d6 Qd8 21. Bg5) 19... axb5 20. e5 $1 dxe5 21. Rxe5 Rxe5 22. d6 Qa5 23. Bxe5 {[%emt 0:00:18] This bishop pair is nice.} Ncd7 24. Bxf6 Nxf6 25. Nd5 {[%emt 0:00:47] White is more active.} Nxd5 26. Bxd5 ({White should play} 26. Qxd5 $16 {With the idea d7.} Bb2 27. Rd1) 26... Rd8 $11 27. g3 {[%emt 0:05:05] Black should prevent Qf3.} Qa3 28. Rc6 {[%emt 0:05:29] Weighted Error Value: White=0.15 (very precise) /Black=0.12 (very precise)} 1/2-1/2